 Dungeon Crawl Stone Soup version 0.20.1-1-g8b1a95d (webtiles) character file.

422 Feta the Digger (level 7, -2/52 HPs)
             Began as a Formicid Earth Elementalist on Oct 15, 2017.
             Killed by divine providence
             ... invoked by an orc priest
              (14 damage)
             ... on level 4 of the Dungeon.
             The game lasted 00:10:25 (3713 turns).

Feta the Digger (Formicid Earth Elementalist)       Turns: 3713, Time: 00:10:26

Health: -2/52      AC:  4    Str: 12    XL:     7   Next: 17%
Magic:  12/12      EV: 14    Int: 15    God:
Gold:   172        SH:  0    Dex: 13    Spells: 7/13 levels left

rFire    . . .     SeeInvis +   a - +1 short sword (venom)
rCold    . . .     Gourm    .   (no shield)
rNeg     . . .     Faith    .   y - +0 leather armour
rPois    .         Spirit   .   (helmet unavailable)
rElec    .         Reflect  .   u - +0 cloak
rCorr    .         Harm     .   (no gloves)
MR       .....                  (no boots)
Stlth    ++........             (no amulet)
Regen    0.2/turn               c - +2 ring of evasion
MPRegen  0.2/turn               (no ring)

@: no status effects
A: permanent stasis, dig shafts and tunnels, four strong arms, antennae 3
a: Dig, Shaft Self


You were on level 4 of the Dungeon.
You were not hungry.

You visited 2 branches of the dungeon, and saw 5 of its levels.

You collected 172 gold pieces.

Inventory:

Hand Weapons
 a - a +1 short sword of venom (weapon)
Missiles
 b - 49 stones (quivered)
 g - 21 bolts
 n - 82 arrows
 x - 2 throwing nets
 A - 16 poisoned needles
Armour
 u - a +0 cloak (worn)
 y - a +0 leather armour (worn)
Jewellery
 c - a +2 ring of evasion (left hand)
Wands
 C - a wand of enslavement (8/24)
Scrolls
 f - a scroll of enchant armour {unknown}
 h - a scroll of magic mapping
 j - 3 scrolls of amnesia {unknown}
 k - 4 scrolls of remove curse
 p - a scroll of immolation {unknown}
 q - 4 scrolls of teleportation {unknown}
 t - a scroll of fear {unknown}
 w - 3 scrolls of recharging {unknown}
 B - 2 scrolls of identify {unknown}
Potions
 l - 4 potions of curing {unknown}
 m - 3 potions of might {unknown}
 o - a potion of mutation {unknown}
 r - a potion of berserk rage {unknown}
 v - 2 potions of heal wounds {unknown}
 z - a potion of flight {unknown}
Books
 e - a book of Geomancy

   Spells                             Type                      Level
   a - Sandblast                      Earth                        1
   b - Passwall                       Transmutation/Earth          2
   c - Stone Arrow                    Conjuration/Earth            3
   d - Petrify                        Transmutation/Earth          4
   e - Lee's Rapid Deconstruction     Earth                        5
Comestibles
 d - 2 bread rations
 i - a meat ration
 s - 12 chunks of flesh


   Skills:
 + Level 3.0 Fighting
 + Level 3.1 Armour
 + Level 3.0 Dodging
 - Level 2.4 Stealth
 + Level 3.8 Spellcasting
 + Level 0.6 Conjurations
 - Level 1.1 Transmutations
 + Level 5.0 Earth Magic


You had 7 spell levels left.
You knew the following spells:

 Your Spells              Type           Power        Failure   Level  Hunger
a - Sandblast             Erth           ###...       3%          1    None
b - Stone Arrow           Conj/Erth      ##....       22%         3    ###....
c - Passwall              Tmut/Erth      ##........   10%         2    ##.....


Dungeon Overview and Level Annotations

Branches:
Dungeon (4/15)             Temple (1/1) D:4

Altars:
Cheibriados
Dithmenos
Fedhas
Gozag
Kikubaaqudgha
Makhleb
Nemelex Xobeh
Ru
Sif Muna
Trog
Uskayaw
Xom
Yredelemnul


Innate Abilities, Weirdness & Mutations

You cannot be hasted, slowed, berserked, paralysed or teleported.
You can dig through walls and to a lower floor.
Your four strong arms can wield two-handed weapons with a shield.
You have a pair of large antennae on your head. (SInv)


Message History

You barely miss the orc priest. The orc priest barely misses you.
You hit the orc priest.
The orc priest is poisoned.
The orc priest is moderately wounded.
The orc priest mumbles some strange prayers to Beogh against you.
Pain shoots through your body!
You barely miss the orc priest.
The orc priest is heavily wounded.
The orc priest completely misses you.
The orc priest invokes the aid of Beogh against you.
Beogh smites you!
The orc shouts!
The orc wizard gestures at you while chanting.
The magic dart hits you! The orc wizard casts a spell at you.
The magic dart hits you!
* * * LOW HITPOINT WARNING * * *
The orc priest looks encouraged for a moment.
The orc priest mumbles some strange prayers to Beogh against you.
Beogh smites you!
You die...

#...................
#..........##.##..##
#####...........#..##.#
#............##.##.##.##
#............#.........#
#.......................
#......#######..⌠...⌠..#
###.###### ###.........#
#....@.# #......>..÷..
######.# #.#.........#
###....#.###.#.a⌠...⌠..#
#...........[...........
....#.......#.........#
.. #..o.o..##.##.##.##
#....o..##.#.......
#......###.........
######.# ###.).....


You could see an orc priest, an orc wizard and an orc.

Vanquished Creatures
  2 hounds
  An orc priest (D:3)
  Ijyb (D:4)
  Natasha (thrice) (D:1)
  8 adders
  7 gnolls (D:4)
  A worm (D:4)
  A dart slug (D:2)
  4 leopard geckos
  6 orcs
  3 ball pythons
  5 giant cockroaches (D:1)
  4 goblins
  11 hobgoblins
  6 jackals
  6 kobolds
  A quokka (D:3)
  9 bats
  A frilled lizard (D:4)
  A jackal skeleton (D:4)
  5 rats
86 creatures vanquished.

Notes
Turn   | Place    | Note
-------+----------+-------------------------------------------
     0 | D:1      | Feta the Formicid Earth Elementalist began the quest for the Orb.
     0 | D:1      | Reached XP level 1. HP: 13/13 MP: 3/3
   321 | D:1      | Reached XP level 2. HP: 19/20 MP: 3/5
   517 | D:1      | Reached skill level 1 in Armour
   735 | D:1      | Reached XP level 3. HP: 25/25 MP: 6/6
   804 | D:2      | Reached skill level 1 in Fighting
   871 | D:2      | Noticed Natasha
   896 | D:1      | Killed Natasha
   896 | D:1      | Reached skill level 4 in Earth Magic
   896 | D:1      | Reached XP level 4. HP: 7/32 MP: 6/8
  1243 | D:1      | Noticed Natasha
  1252 | D:1      | Killed Natasha
  1382 | D:1      | Noticed Natasha
  1391 | D:1      | Killed Natasha
  1391 | D:1      | Reached XP level 5. HP: 29/38 MP: 9/9
  1799 | D:2      | Found a burning altar of Makhleb.
  2324 | D:2      | Learned a level 3 spell: Stone Arrow
  2334 | D:2      | Learned a level 2 spell: Passwall
  2360 | D:3      | Reached XP level 6. HP: 44/45 MP: 10/10
  3333 | D:4      | Found a staircase to the Ecumenical Temple.
  3362 | Temple   | Entered the Ecumenical Temple
  3497 | D:4      | Found a basalt altar of Yredelemnul.
  3524 | D:4      | Reached XP level 7. HP: 51/51 MP: 5/12
  3592 | D:4      | Reached skill level 5 in Earth Magic
  3656 | D:4      | Noticed Ijyb
  3662 | D:4      | Killed Ijyb
  3713 | D:4      | Killed from afar by an orc priest

Skill      XL: |  1  2  3  4  5  6  7 |
---------------+----------------------+-----
Armour         | 1 2 3 |  3.1
Fighting       | 1 2 3 |  3.0
Dodging        | 2 3 |  3.0
Earth Magic    | 4 5 |  5.0
Spellcasting   | 3 |  3.8
Stealth        | |  2.4
Conjurations   | |  0.6
Transmutations | |  1.1

Action                   |  1- 3 |  4- 6 |  7- 9 || total
-------------------------+-------+-------+-------++-------
Melee: Unarmed           |    23 |       |       ||    23
       Short sword       |    47 |   122 |     9 ||   178
 Cast: Sandblast         |     8 |    35 |    12 ||    55
  Use: Scroll            |       |     2 |       ||     2
 Stab: Sleeping          |     3 |       |       ||     3
  Eat: Chunk             |       |     9 |       ||     9
Armor: Robe              |    18 |    29 |       ||    47
       Leather armour    |       |     6 |       ||     6
Dodge: Dodged            |    35 |    89 |     5 ||   129
